cohdb
Replays
Latest Replays
All Replays
Popular Replays
Top Player Replays
Match Explorer
How It Works
Community
CoH3 Stats
Reddit
Sign in to upload your games and track your stats! →
Sign in with Steam
Match 38097790
Unlisted
Match 38097790
Overview
Messages
Build Orders
End
Panzergrenadier Squad
Panzergrenadier Squad
250 Light Carrier
Construct Light Support Kompanie
2.5-tonne Medical Truck
Panzerjäger Squad
Fire Support Elements
Flakvierling Half-track
Selects Italian Infantry
Selects Guastatori Squad
Guastatori Squad
2.5-tonne Medical Truck
Guastatori Squad
le.IG 18 Mechanized Group
Guastatori Squad
2.5-tonne Medical Truck
Construct Mechanized Kompanie
Selects Defensive Operations
Selects Prepared Positions
Marder III Tank Destroyer
Selects Obice 305mm Barrage
Obice 305mm Barrage
Construct Panzerarmee Kommand
Armored Reserves
Obice 305mm Barrage
Tiger Heavy Tank
goat
JCCOP2
Aprosarmosto
寻欢
Serjio Dragonis
Last_Winter
100% OJ addict
l3geNDry
0
0
Comments
sign in to comment!
No comments posted yet!